 Dungeon Crawl Stone Soup version 0.25.1-9-gc5326a611f (webtiles) character file.

Game seed: 10891997547880642419

25 RETERIOR the Stinger (level 2, 0/20 HPs)
             Began as a Draconian Venom Mage on Jan 2, 2021.
             Slain by Natasha (6 damage)
             ... on level 2 of the Dungeon.
             The game lasted 00:02:42 (1294 turns).

RETERIOR the Stinger (Draconian Venom Mage)         Turns: 1294, Time: 00:02:43

Health: 0/20       AC:  4    Str: 10    XL:     2   Next: 86%
Magic:  0/5        EV: 12    Int: 15    God:
Gold:   53         SH:  0    Dex: 11    Spells: 4/5 levels left

rFire    . . .     SeeInvis .   d - +0 dagger
rCold    . . .     Gourm    .   (no shield)
rNeg     . . .     Faith    .   (armour unavailable)
rPois    +         Spirit   .   (helmet restricted)
rElec    .         Reflect  .   (no cloak)
rCorr    .         Harm     .   (no gloves)
MR       +....                  (no boots)
Stlth    ++........             (no amulet)
HPRegen  0.06/turn              i - ring of poison resistance
MPRegen  0.09/turn              k - ring of protection from magic

@: very slightly contaminated
A: unfitting armour, cold-blooded, AC +4
a: no special abilities


You were on level 2 of the Dungeon.
You were hungry.

You visited 1 branch of the dungeon, and saw 2 of its levels.

You collected 53 gold pieces.

Inventory:

Hand Weapons
 a - a +0 hunting sling
 d - a +0 dagger (weapon)
Missiles
 c - 10 arrows
Jewellery
 i - a ring of poison resistance (left hand)
 k - a ring of protection from magic (right hand)
Scrolls
 f - a scroll of enchant weapon {unknown}
 j - a scroll of fog {unknown}
Potions
 g - 2 potions of curing {unknown}
Comestibles
 b - 2 rations
 l - a chunk of flesh


   Skills:
 + Level 0.1 Short Blades
 + Level 1.9 Dodging
 + Level 2.0 Stealth
 + Level 2.4 Spellcasting
 + Level 1.2 Transmutations
 + Level 3.5 Poison Magic


You had 4 spell levels left.
You knew the following spells:

 Your Spells              Type           Power        Failure   Level  Hunger
a - Sting                 Tmut/Pois      #...         9%          1    #......

Your spell library contained the following spells:

 Spells                   Type           Power        Failure   Level  Hunger
 Poisonous Vapours        Pois/Air       #.....       16%         2    ###....
 Ignite Poison            Fire/Tmut/Pois #.......     34%         3    ###....
 Mephitic Cloud           Conj/Pois/Air  #.......     36%         3    ###....
 Olgreb's Toxic Radiance  Pois           ##......     45%         4    #####..


Dungeon Overview and Level Annotations

Branches:
Dungeon (2/15)

Altars:

Annotations:
D:2 Natasha


Innate Abilities, Weirdness & Mutations

Your plain brown scales are hard. (AC +4)
You cannot fit into any form of body armour.
You are cold-blooded and may be slowed by cold attacks.


Message History

The bat hits you. The shadow imp barely misses you.
The bat hits you but does no damage. The bat barely misses you.
The bat closely misses you. The bat hits you but does no damage.
Casting: Sting (safe; 9% risk of failure)
Confirm with . or Enter, or press ? or * to list all spells.
You don't have enough magic to cast that spell.
The shadow imp looks more healthy.
The bat barely misses you.
Natasha mewls in sadness.
A rat comes into view.
The shadow imp disappears in a puff of smoke!
The bat closely misses you.
A jackal comes into view.
The bat barely misses you. Natasha closely misses you.
As you read the scroll labeled WUISEESODAU, it crumbles to dust.
You feel blessed for a moment.
It was a scroll of remove curse.
The bat barely misses you. The bat hits you.
* * * LOW HITPOINT WARNING * * *
Natasha claws you.
You die...

.h . . ####.
#...##### .#
###+#.......####
#.#
........h......#
...#.
.......@.b.....#
....
...r..#..g.....#...
..... ######...#.#
.... #.....# ...
######.(.#.# ## ##
.........#+#...
.............#
.............#
.............#


You could see Natasha, a jackal (asleep), a goblin, a bat and a rat.

Vanquished Creatures
  A dart slug (D:1)
  A ball python (D:1)
  A bat (D:1)
  3 giant cockroaches (D:1)
  3 goblins (D:1)
  4 hobgoblins (D:1)
  A frilled lizard (D:1)
  4 kobolds
  4 rats (D:1)
22 creatures vanquished.

Notes
Turn   | Place    | Note
-------+----------+-------------------------------------------
     0 | D:1      | RETERIOR the Draconian Venom Mage began the quest for the
                  | Orb.
     0 | D:1      | Reached XP level 1. HP: 14/14 MP: 3/3
   251 | D:1      | Reached XP level 2. HP: 20/20 MP: 1/5
  1273 | D:2      | Noticed Natasha
  1294 | D:2      | Slain by Natasha

Illustrated notes

Levels and vault maps discovered:
D:1:      minmay_arrival_loop, layout_basic
D:2:      layout_basic, uniq_terence, uniq_natasha

Skill      XL: |  1 |
---------------+----+-----
Stealth        | 2 |  2.0
Short Blades   | |  0.1
Dodging        | |  1.9
Spellcasting   | |  2.4
Transmutations | |  1.2
Poison Magic   | |  3.5

Action                   || total
-------------------------++-------
Melee: Dagger            ||    18
       Unarmed           ||     3
       Tailslap          ||     3
 Cast: Sting             ||    32
  Use: Scroll            ||     3
  Eat: Chunk             ||     1
Armor: Skin              ||    13
Dodge: Dodged            ||    26
